Map: Tritão LE

Players

Yuri

  • Race: Terran Terran
  • Spawn Location: 11:00

LeLezinha - Winner!

  • Race: Zerg Zerg
  • Spawn Location: 5:00

VOD

Have the link to the VOD?

Description

Time

  • Played on: Oct. 25, 2019, 8:15 p.m.
  • Length: 11:38
Show
View Real Time Build Order
Export as new Build Order

Yuri Terran 

Build Orders:  

Get SALT Encoding   

  12  0:01  SCV  
  13  0:13  SCV  
  14  0:23  Supply Depot  
  14  0:25  SCV  
  15  0:35  Refinery  
  15  0:46  Barracks  
  15  0:48  SCV  
  16  1:00  SCV  
  17  1:09  Barracks  
  17  1:12  SCV  
  17  1:14  Refinery  
  18  1:33  Orbital Command  
  18  1:37  Reaper  
  19  1:51  Supply Depot  
  19  2:02  SCV  
  19  2:03  Reaper  
  21  2:14  SCV  
  22  2:16  Engineering Bay  
  22  2:35  Reaper  
  22  2:36  Reaper  
  24  2:42  Terran Infantry Weapons Level 1  
  23  3:07  Command Center, SCV  
  23  3:12  Marine x2  
  24  3:19  Factory  
  26  3:20  SCV  
  27  3:35  SCV  
  27  3:37  Barracks Reactor  
  28  3:44  Barracks Tech Lab  
  28  3:47  SCV  
  29  4:44  Factory Tech Lab  
  29  4:49  Marine x3  
  29  4:50  Starport  
  29  4:51  Combat Shield  
  32  4:59  Engineering Bay  
  32  5:03  Armory  
  32  5:07  Marine x3  
  32  5:08  Supply Depot  
  32  5:09  Supply Depot  
  32  5:10  Supply Depot  
  35  5:14  Orbital Command  
  35  5:24  Marine  
  35  5:25  Marine x2  
  38  5:42  Marine  
  38  5:43  Marine x2  
  41  5:52  Siege Tank  
  44  5:59  Starport Tech Lab  
  44  6:01  Infernal Pre-Igniter, Marine  
  44  6:03  Marine  
  44  6:04  Marine  
  47  6:10  Armory, Stimpack  
  47  6:18  Marine  
  47  6:19  Terran Infantry Armor Level 1  
  47  6:21  Medivac, Marine x2  
  52  6:29  SCV  
  52  6:30  SCV  
  52  6:31  Refinery  
  54  6:32  Refinery  
  54  6:36  Marine  
  54  6:39  Marine x2  
  57  6:54  Marine  
  57  6:57  Marine x2  
  60  7:06  Medivac  
  62  7:12  Marine  
  62  7:15  Marine x2  
  65  7:28  Terran Infantry Weapons Level 2  
  65  7:30  Terran Vehicle Weapons Level 1, Marauder  
  65  7:32  Marine  
  65  7:33  Marine  
  65  7:34  SCV  
  70  7:50  Supply Depot  
  70  7:56  Supply Depot  
  70  7:58  Supply Depot  
  70  8:05  Supply Depot  
  70  8:11  SCV x2, Marine x2  
  70  8:12  Marauder  
  76  8:24  SCV x2  
  77  8:33  Marauder  
  72  8:36  SCV x2  
  74  8:48  SCV x2  
  76  8:50  Marine x2  
  76  8:54  Marine  
  76  8:55  Hellion  
  81  9:00  SCV  
  82  9:07  Medivac  
  82  9:08  Marine x2  
  82  9:09  Terran Infantry Armor Level 2  
  86  9:12  Terran Vehicle And Ship Armor Level 1, Marine  
  86  9:16  Hellion  
  89  9:26  Marine x2  
  89  9:29  Command Center  
  89  9:30  Marine  
  92  9:37  Medivac  
  92  9:38  Hellion  
  89  9:43  Marine  
  89  9:44  Marine  
  82  9:47  Marine  
  82  9:59  Hellion  
  65  10:20  Hellion  
  49  10:47  Marine x3  
  52  10:53  Command Center  
  46  11:05  Marine  
Show
View Real Time Build Order
Export as new Build Order

LeLezinha Zerg - Winner!

Build Orders: Hatch First 

Get SALT Encoding   

  12  0:02  Drone  
  13  0:12  Overlord  
  13  0:16  Drone  
  14  0:31  Drone x2  
  14  0:35  Drone  
  17  0:56  Hatchery  
  16  0:59  Drone  
  16  1:00  Drone  
  18  1:15  Extractor  
  18  1:18  Spawning Pool  
  16  1:21  Drone x2  
  18  1:28  Drone  
  19  1:42  Overlord  
  19  2:05  Queen  
  19  2:08  Queen  
  21  2:10  Drone x3  
  21  2:13  Drone  
  27  2:17  Metabolic Boost  
  27  2:20  Drone  
  29  2:22  Drone  
  29  2:36  Drone  
  31  2:37  Drone  
  31  2:41  Overlord  
  31  2:58  Drone x3  
  34  3:05  Drone  
  34  3:06  Drone  
  36  3:16  Roach Warren  
  36  3:17  Extractor, Drone x2  
  36  3:19  Hatchery, Drone  
  36  3:20  Drone  
  38  3:27  Drone x4  
  38  3:32  Extractor  
  40  3:35  Lair  
  40  3:46  Drone x3  
  43  3:59  Evolution Chamber  
  43  4:00  Roach  
  43  4:02  Overlord x2  
  44  4:03  Overlord  
  41  4:29  Queen  
  44  4:38  Drone  
  44  4:40  Drone x3  
  44  4:41  Drone  
  44  4:42  Drone  
  44  4:43  Drone  
  44  4:45  Roach x5  
  60  4:56  Evolution Chamber  
  60  4:57  Drone  
  60  4:58  Drone x4  
  60  4:59  Queen  
  64  5:04  Zerg Ground Armor Level 1  
  66  5:14  Glial Reconstitution  
  66  5:20  Drone x2  
  68  5:22  Extractor  
  62  5:52  Roach x6  
  74  5:58  Overlord x2  
  74  5:59  Overlord x2  
  74  6:08  Overlord  
  74  6:19  Drone x2  
  74  6:20  Drone  
  77  6:26  Drone x3  
  77  6:27  Drone x5  
  77  6:32  Extractor  
  84  6:33  Extractor  
  83  6:45  Roach  
  83  6:46  Roach x3  
  90  6:58  Drone  
  90  6:59  Drone x3  
  94  7:04  Drone  
  94  7:05  Drone x4  
  99  7:10  Spine Crawler  
  99  7:13  Roach x4  
  99  7:14  Spine Crawler  
  99  7:15  Zerg Missile Weapons Level 1  
  105  7:16  Zerg Ground Armor Level 2  
  105  7:27  Spine Crawler  
  104  7:32  Roach, Nydus Network  
  104  7:33  Roach x4  
  113  7:42  Drone  
  114  7:45  Overlord x3  
  114  7:46  Overlord x2  
  114  7:55  Hydralisk Den  
  114  7:58  Drone  
  114  8:05  Overseer  
  113  8:54  Drone  
  114  9:00  Hydralisk  
  114  9:01  Hydralisk x16  
  114  9:02  Hydralisk x3  
  154  9:16  Nydus Canal  
  154  9:22  Overlord x3  
  154  9:23  Overlord x3  
  142  9:54  Hydralisk  
  142  9:55  Hydralisk x12  
  150  10:20  Hydralisk  
  150  10:21  Hydralisk x4  
  154  10:33  Hydralisk  
  154  10:34  Hydralisk x4  
  164  11:07  Hydralisk  
  164  11:08  Hydralisk x7  
Tags
 
Matchup
TvZ
Spawn Locations
Cross Positions
Add a new tag
Caveats
  • Supply blocks, unpowered buildings, or Contaminate may cause inaccurate times.
  • Supply counts are checked every 10 seconds.